 Dungeon Crawl Stone Soup version 0.21-a0 (webtiles) character file.

665 Kriby the Conjurer (level 7, 0/41 HPs)
             Began as an Octopode Wizard on May 20, 2017.
             Was a Follower of Vehumet.
             Slain by a sky beast (5 damage)
             ... on level 5 of the Dungeon.
             The game lasted 00:09:09 (6435 turns).

Kriby the Conjurer (Octopode Wizard)                Turns: 6435, Time: 00:09:10

Health: 0/41       AC:  2    Str:  7    XL:     7   Next: 57%
Magic:  7/15       EV: 13    Int: 22    God:    Vehumet [*.....]
Gold:   282        SH:  0    Dex: 12    Spells: 5/16 levels left

rFire    . . .     SeeInvis .   p - +2 dagger (elec)
rCold    . . .     Gourm    .   (no shield)
rNeg     . . .     Faith    .   a - +1 hat
rPois    .         Spirit   .   (no amulet)
rElec    .         Reflect  .   o - ring of stealth
rCorr    .         Harm     .   e - +2 ring of dexterity
MR       .....                  (no ring)
Stlth    ++++......             (no ring)
Regen    0.2/turn               (no ring)
MPRegen  0.2/turn               (no ring)
                                (no ring)
                                (no ring)

@: no status effects
A: almost no armour, stealthy swim, amphibious, 8 rings, constrict 8, camouflage
1, gelatinous body 1
a: Renounce Religion


You were on level 5 of the Dungeon.
You worshipped Vehumet.
Vehumet was aware of your devotion.
You were not hungry.

You visited 1 branch of the dungeon, and saw 5 of its levels.

You collected 282 gold pieces.

Inventory:

Hand Weapons
 p - a +2 dagger of electrocution (weapon)
 s - a +1 quarterstaff of pain
Missiles
 t - 6 poisoned tomahawks (quivered)
Armour
 a - a +1 hat (worn)
Jewellery
 e - a +2 ring of dexterity (right tentacle)
 o - a ring of stealth (left tentacle)
 w - a cursed -2 ring of slaying {unknown}
Wands
 n - a wand of flame (21/48)
Scrolls
 f - 2 scrolls of remove curse
 i - a scroll of fog {unknown}
 k - a scroll of amnesia
 u - a scroll of fear {unknown}
 v - 2 scrolls of enchant armour
Potions
 d - 2 potions of heal wounds {unknown}
 g - a potion of brilliance {unknown}
 h - 4 potions of curing {unknown}
 l - 3 potions of flight {unknown}
 m - 2 potions of cancellation {unknown}
 q - a potion of haste {unknown}
 r - 2 potions of degeneration {unknown}
Books
 b - a book of Minor Magic

   Spells                             Type                      Level
   a - Magic Dart                     Conjuration                  1
   b - Blink                          Translocation                2
   c - Call Imp                       Summoning                    2
   d - Slow                           Hexes                        2
   e - Conjure Flame                  Conjuration/Fire             3
   f - Mephitic Cloud                 Conjuration/Poison/Air       3
Comestibles
 c - a bread ration
 j - 3 meat rations


   Skills:
 - Level 2.0 Dodging
 - Level 2.6 Stealth
 + Level 5.3 Spellcasting
 * Level 6.3 Conjurations
 - Level 1.0 Summonings
 - Level 1.0 Translocations


You had 5 spell levels left.
You knew the following spells:

 Your Spells              Type           Power        Failure   Level  Hunger
a - Magic Dart            Conj           ####         1%          1    None
b - Conjure Flame         Conj/Fire      ###.....     8%          3    ##.....
c - Call Imp              Summ           ##......     10%         2    None
g - Mephitic Cloud        Conj/Pois/Air  ###.....     12%         3    ##.....
T - Blink                 Tloc           N/A          10%         2    None


Dungeon Overview and Level Annotations

Branches:
Dungeon (5/15)             Temple (0/1) D:4

Altars:
Dithmenos
Vehumet
The Shining One

Shops:
D:5 [

Annotations:
D:4 Blackbelt's ghost, novice DsGl


Innate Abilities, Weirdness & Mutations

You cannot wear most types of armour.
You are very stealthy in the water. (Stealth+)
You are amphibious.
You can wear up to eight rings at the same time.
You can use your tentacles to constrict eight enemies at once.
Your skin changes colour to match your surroundings (Stealth+).
Your rubbery body absorbs attacks. (AC +1, EV +1)


Message History

The sky beast completely misses you.
You barely miss the sky beast.
The sky beast is severely wounded.
The sky beast misses you.
You hit the sky beast. Your squeeze misses the sky beast.
The sky beast is almost dead.
The sky beast hits you. The sky beast shocks you.
You hit the sky beast but do no damage.
The sky beast is almost dead.
The sky beast flickers out of sight!
Deactivating autopickup; reactivate with Ctrl-A.
Something hits you. Something shocks you.
You completely miss something. Something hits you. Something shocks you.
* * * LOW HITPOINT WARNING * * *
Casting: Magic Dart
Confirm with . or Enter, or press ? or * to list all spells.
You blink.
Something hits you.
* * * LOW HITPOINT WARNING * * *
Something shocks you.
You die...

######## #......#
##.####.####
...##......############
#..##.#.##....ยง{......#
......#.########@####.
#.......# #...#
#.####### #.#.# ..#
#..... ##############
### ### # #..........# #
#.##.......# #
#.##.......# #
#.#........#


There were no monsters in sight!

Vanquished Creatures
  Duvessa (D:4)
  Dowan (D:4)
  A howler monkey (D:4)
  2 crimson imps (D:5)
  A hound (D:4)
  2 orc priests
  An orc wizard (D:3)
  2 worker ants
  A hound skeleton (D:5)
  A gnoll (D:2)
  A howler monkey skeleton (D:5)
  11 adders
  A shadow imp (D:5)
  An ooze (D:1)
  A worm (D:5)
  2 dart slugs (D:2)
  A leopard gecko (D:3)
  12 orcs
  10 bats
  3 giant cockroaches
  6 goblins
  10 hobgoblins
  10 jackals
  2 quokkas
  5 frilled lizards
  4 kobolds
  A quokka zombie (D:5)
  4 rats
98 creatures vanquished.

Vanquished Creatures (collateral kills)
  2 orcs (D:4)
2 creatures vanquished.

Vanquished Creatures (others)
  An orc wizard (D:4)
  4 orcs (D:4)
  A leopard gecko skeleton (D:4)
6 creatures vanquished.

Grand Total: 106 creatures vanquished

Notes
Turn   | Place    | Note
-------+----------+-------------------------------------------
     0 | D:1      | Kriby the Octopode Wizard began the quest for the Orb.
     0 | D:1      | Reached XP level 1. HP: 11/11 MP: 4/4
   319 | D:1      | Reached XP level 2. HP: 17/17 MP: 4/6
   366 | D:1      | Learned a level 2 spell: Blink
  1117 | D:2      | Reached skill level 2 in Conjurations
  1128 | D:2      | Reached XP level 3. HP: 16/21 MP: 1/7
  1727 | D:2      | Found a glowing golden altar of the Shining One.
  1939 | D:2      | Reached XP level 4. HP: 27/27 MP: 4/9
  2109 | D:2      | Reached skill level 3 in Conjurations
  2723 | D:3      | Reached XP level 5. HP: 21/31 MP: 0/11
  3720 | D:4      | Found a radiant altar of Vehumet.
  3785 | D:4      | Became a worshipper of Vehumet
  4128 | D:4      | Reached skill level 4 in Conjurations
  4181 | D:4      | Reached XP level 6. HP: 29/36 MP: 2/12
  4230 | D:4      | Noticed Dowan
  4238 | D:4      | Killed Dowan
  4257 | D:4      | Noticed Duvessa
  4266 | D:4      | Learned a level 3 spell: Conjure Flame
  4269 | D:4      | Learned a level 2 spell: Call Imp
  4273 | D:4      | Learned a level 3 spell: Mephitic Cloud
  4296 | D:4      | Killed Duvessa
  4296 | D:4      | Reached skill level 5 in Conjurations
  4551 | D:4      | Found a staircase to the Ecumenical Temple.
  4928 | D:4      | Noticed Blackbelt's ghost (novice DsGl)
  5155 | D:4      | Found a shadowy altar of Dithmenos.
  5288 | D:4      | Reached XP level 7. HP: 37/41 MP: 0/14
  5394 | D:3      | Reached skill level 5 in Spellcasting
  5641 | D:5      | Entered Level 5 of the Dungeon
  5897 | D:5      | Found Hal Uxaz's Armour Boutique.
  6107 | D:5      | Reached * piety under Vehumet
  6107 | D:5      | Offered knowledge of Freeze by Vehumet.
  6107 | D:5      | Reached skill level 6 in Conjurations
  6435 | D:5      | Slain by a sky beast

Vault maps used:
D:1:      lordsloth_arrival_two_stooges
D:2:      nicolae_tso_swordbearing_angel, first_bread, cheibrodos_gnoll_hut
D:4:      nicolae_dithmenos_shadow_blocks, fiery_altar_vehumet,
          minmay_temple_entry_trees, serial_glass, glass_columns_a,
          glass_columns_a, minmay_statues_item, st_stairs_2, uniq_duvessa,
          uniq_crazy_yiuf_cottage
D:5:      serial_shops, kennysheep_little_box

Skill      XL: |  1  2  3  4  5  6  7 |
---------------+----------------------+-----
Conjurations   | 2 3 4 5 6 |  6.3
Spellcasting   | 4 5 |  5.3
Dodging        | |  2.0
Stealth        | |  2.6
Summonings     | |  1.0
Translocations | |  1.0

Action                   |  1- 3 |  4- 6 |  7- 9 || total
-------------------------+-------+-------+-------++-------
Melee: Dagger            |    10 |    31 |     4 ||    45
       Constrict         |     2 |     7 |       ||     9
 Cast: Magic Dart        |    85 |   125 |    80 ||   290
       Blink             |       |     2 |     1 ||     3
       Conjure Flame     |       |     5 |       ||     5
       Call Imp          |       |     5 |       ||     5
       Mephitic Cloud    |       |     2 |       ||     2
  Use: Scroll            |       |     8 |       ||     8
  Eat: Chunk             |     3 |     9 |       ||    12
       Bread ration      |       |       |     1 ||     1
       Fruit             |       |       |     1 ||     1
Armor: Skin              |     1 |     8 |       ||     9
Dodge: Dodged            |    21 |    48 |    15 ||    84
